cohdb
Replays
Latest Replays
All Replays
Popular Replays
Top Player Replays
Match Explorer
How It Works
Community
CoH3 Stats
Reddit
Sign in to upload your games and track your stats! →
Sign in with Steam
Match 44160735
Unlisted
Match 44160735
Overview
Messages
Build Orders
End
Selects Special Operations Battlegroup
Selects M29 Weasel Recon Vehicle
M29 Weasel Recon Vehicle
Construct Weapon Support Center
M1919 Machine Gun Team
M1919 Machine Gun Team
Bazooka Squad
M1919 Machine Gun Team
Infantry Support Center
M3 Armored Personnel Carrier
Engineer Squad
M3 Armored Personnel Carrier
Selects Raiding Flares
Selects SSF Commando Squad
SSF Commando Squad
Advanced Logistics
Construct Tank Depot
Selects P-47 Anti-Infantry Loiter
Selects UNKNOWN (2162291)
SSF Commando Squad
M4(105) Sherman Bulldozer
Selects Air Re-supply Operation
M18 Hellcat Tank Destroyer
M18 Hellcat Tank Destroyer
P-47 Anti-Infantry Loiter
M4A1 Sherman Whizbang
Air Re-Supply Operation
M4A1 Sherman Whizbang
M4A1 Sherman Whizbang
RtN.momo4sho
Havoc
Symbiosis
*Mule
0
0
Comments
sign in to comment!
No comments posted yet!